 Dungeon Crawl Stone Soup version 0.28-a0-883-gc8d7bad45d (webtiles) character file.

Game seed: 5696591571771760112

132066 enile the Warrior (level 16, -3/151 HPs)
             Began as a Minotaur Cinder Acolyte on Nov 21, 2021.
             Was an Initiate of Ignis.
             Slain by a nagaraja (34 damage)
             ... on level 4 of the Snake Pit on Nov 22, 2021.
             The game lasted 02:26:55 (28239 turns).

enile the Warrior (Minotaur Cinder Acolyte)        Turns: 28239, Time: 02:26:56

Health: -3/151     AC: 18    Str: 25    XL:     16   Next: 56%
Magic:  21/21      EV: 14    Int:  7    God:    Ignis [......]
Gold:   1736       SH: 13    Dex: 18    Spells: 17/17 levels left

rFire   + + +      SeeInvis .   z - +5 mace of Death {vorpal, rElec rF+ Str+3 Dex+4}
rCold   + . .      Faith    .   u - +1 buckler {rN+}
rNeg    + + .      Spirit   .   C - +2 fire dragon scales of Lugonu's Favour {rPois rF++ rC- Regen+ Str-2}
rPois   +          Reflect  +   (helmet restricted)
rElec   +          Harm     .   J - scarf {repulsion}
rCorr   +          Rampage  .   Q - +0 pair of gloves "Quxeha Diox" {rF++ Will+ rCorr Int-4}
Will    ++...                   I - +1 pair of boots
Stlth   ++........              i - amulet of reflection
HPRegen 1.35/turn               R - +4 ring of slaying
MPRegen 0.17/turn               x - ring of Tomorrow {rC++ rN+ Dex+6}

@: slowed, repel missiles, very slow
A: horns 2, retaliatory headbutt
a: Renounce Religion


You were on level 4 of the Snake Pit.
You worshipped Ignis.
Ignis was noncommittal.
You visited 5 branches of the dungeon, and saw 25 of its levels.
You also visited: Sewer, Bailey and Gauntlet.

You collected 2669 gold pieces.
You spent 933 gold pieces at shops.

Inventory:

Hand Weapons
 z - the +5 mace of Death (weapon) {vorpal, rElec rF+ Str+3 Dex+4}
   (You found it on level 4 of the Dungeon)

   It inflicts extra damage upon your enemies.
   Str:       It affects your strength (+3).
   Dex:       It affects your dexterity (+4).
   rF:        It protects you from fire.
   rElec:     It insulates you from electricity.
 H - the +8 hand axe of Vengeance {drain, Fly rC- rN+ Dex+6}
   (You found it in a Gauntlet)

   A truly terrible weapon, it drains the life of any living foe it strikes.
   Dex:       It affects your dexterity (+6).
   rC:        It makes you vulnerable to cold.
   rN:        It protects you from negative energy.
   Fly:       It grants you flight.
 N - the +4 falchion "Hell-Harrower" {holy, Drain Str+4 Dex+5}
   (You found it on level 4 of the Snake Pit)

   It has been blessed by the Shining One to cause great damage to the undead
   and demons.
   Str:       It affects your strength (+4).
   Dex:       It affects your dexterity (+5).
   Drain:     It drains your maximum health when unequipped.
 O - the +8 glaive of the Guard {elec, spectral, AC+5}
   (You found it on level 3 of the Lair of Beasts)

   It occasionally discharges a powerful burst of electricity upon striking a
   foe.
   When it strikes, its spirit leaps out and fights alongside the wielder.
   AC:        It affects your AC (+5).
Armour
 u - a +1 buckler of positive energy (worn)
 C - the +2 fire dragon scales of Lugonu's Favour (worn) {rPois rF++ rC- Regen+ Str-2}
   (You took it off an orc in a bailey)

   Str:       It affects your strength (-2).
   rF:        It greatly protects you from fire.
   rC:        It makes you vulnerable to cold.
   rPois:     It protects you from poison.
   Regen:     It increases your rate of health regeneration.
 I - a +1 pair of boots (worn)
 J - a scarf of repulsion (worn)
 Q - the +0 pair of gloves "Quxeha Diox" (worn) {rF++ Will+ rCorr Int-4}
   (You acquired it on level 11 of the Dungeon)

   Int:       It affects your intelligence (-4).
   rF:        It greatly protects you from fire.
   rCorr:     It protects you from acid and corrosion.
   Will:      It increases your willpower.
 T - a +2 cloak of poison resistance
 Y - a +5 ring mail of positive energy
Jewellery
 i - an amulet of reflection (around neck)
 m - the amulet of Onojosu {Spirit rF+}
   (You bought it in a shop on level 2 of the Orcish Mines)

   [amulet of guardian spirit]

   It causes incoming damage to be divided between your reserves of health and
   magic.
   rF:        It protects you from fire.
 o - a ring of resist corrosion
 q - a ring of ice
 r - an amulet of regeneration
 x - the ring of Tomorrow (right hand) {rC++ rN+ Dex+6}
   (You found it in a Gauntlet)

   [ring of dexterity]

   Dex:       It affects your dexterity (+6).
   rC:        It greatly protects you from cold.
   rN:        It protects you from negative energy.
 A - a ring of protection from fire
 E - the amulet of Vireuff {Acrobat rElec MP-9 Dex+4}
   (You found it on level 3 of the Lair of Beasts)

   [amulet of the acrobat]

   It increases your evasion while moving and waiting.
   Dex:       It affects your dexterity (+4).
   rElec:     It insulates you from electricity.
   MP:        It affects your magic capacity (-9).
 M - a ring of protection from cold
 R - a +4 ring of slaying (left hand)
 S - a +4 ring of slaying
 V - a +4 ring of evasion
 W - a ring of positive energy
 Z - a ring of flight
Wands
 t - a wand of paralysis (15)
 B - a wand of polymorph (9)
 P - a wand of flame (8) (quivered)
Scrolls
 b - 2 scrolls of identify
 e - 4 scrolls of fog
 f - 2 scrolls of silence
 l - 2 scrolls of teleportation
 s - a scroll of fear
 w - 4 scrolls of enchant weapon
 K - 5 scrolls of magic mapping
 L - 4 scrolls of holy word
Potions
 g - a potion of cancellation
 h - 2 potions of curing
 k - 4 potions of heal wounds
 n - 4 potions of flight
 p - 6 potions of haste
 v - 2 potions of resistance
 D - a potion of might
 F - a potion of magic
 G - a potion of invisibility
 U - a potion of berserk rage
 X - 3 potions of ambrosia
Miscellaneous
 a - a phantom mirror (inert)
 d - a tin of tremorstones (1/2)
 j - a piece from Xom's chessboard (15/15)
 y - a lightning rod (1/4)


   Skills:
 - Level 16.0 Fighting
 - Level 0.2 Long Blades
 - Level 14.0 Maces & Flails
 - Level 0.1 Polearms
 + Level 11.2 Throwing
 - Level 12.0 Armour
 - Level 7.0 Dodging
 - Level 6.0 Stealth
 - Level 11.0 Shields
 - Level 1.0 Spellcasting
 - Level 0.2 Hexes
 - Level 4.0 Fire Magic
 - Level 9.0 Invocations
 - Level 12.0 Evocations


You had 17 spell levels left.
You didn't know any spells.
Your spell library contained the following spells:

 Spells                   Type           Power      Damage    Failure   Level
 Scorch                   Fire           10%        2d5       26%         2
 Magic Dart               Conj           0%         1d3       67%         1
 Sting                    Tmut/Pois      0%         1d3       67%         1
 Summon Small Mammal      Summ           0%         N/A       67%         1
 Conjure Flame            Conj/Fire      3%         6-21      77%         3
 Blink                    Tloc           0%         N/A       80%         2
 Call Imp                 Summ           0%         N/A       80%         2
 Corpse Rot               Necr/Air       0%         N/A       80%         2
 Poisonous Vapours        Pois/Air       0%         N/A       80%         2
 Static Discharge         Conj/Air       0%         N/A       80%         2
 Sublimation of Blood     Necr           0%         N/A       80%         2
 Ignite Poison            Fire/Tmut/Pois 2%         N/A       85%         3
 Call Canine Familiar     Summ           0%         N/A       95%         3
 Frozen Ramparts          Ice            0%         1d2       95%         3
 Lesser Beckoning         Tloc           0%         N/A       95%         3
 Mephitic Cloud           Conj/Pois/Air  0%         N/A       95%         3
 Portal Projectile        Hex/Tloc       0%         N/A       95%         3
 Summon Guardian Golem    Hex/Summ       0%         N/A       95%         3
 Flame Wave               Conj/Fire      3%         3d3       99%         4
 Sticky Flame             Conj/Fire      3%         2d3       99%         4
 Dispel Undead            Necr           0%         3d6       100%        4
 Ice Form                 Ice/Tmut       0%         N/A       100%        4
 Leda's Liquefaction      Hex/Erth       0%         N/A       100%        4
 Olgreb's Toxic Radiance  Pois           0%         N/A       100%        4
 Petrify                  Tmut/Erth      0%         N/A       100%        4
 Summon Ice Beast         Ice/Summ       0%         N/A       100%        4
 Blade Hands              Tmut           0%         N/A       100%        5
 Irradiate                Conj/Tmut      0%         3d13      100%        5
 Manifold Assault         Tloc           0%         N/A       100%        5
 Summon Cactus Giant      Summ           0%         N/A       100%        6
 Dragon Form              Tmut           0%         N/A       100%        7
 Borgnjor's Revivificati  Necr           0%         N/A       100%        8
 Necromutation            Tmut/Necr      0%         N/A       100%        8
 Death's Door             Necr           0%         N/A       100%        9


Dungeon Overview and Level Annotations

Branches:
Dungeon (12/15)            Temple (0/1) D:6            Lair (6/6) D:8
 Shoals (1/4) Lair:3        Snake (4/4) Lair:4        Slime (0/5) Lair:6
    Orc (2/2) D:9             Elf (0/3) Orc:2         Sewer (visited)
 Bailey (visited)         Gauntlet (visited)

Altars:
Hepliaklqana
Okawaru
Ru
Sif Muna
Trog
Vehumet
Yredelemnul
Zin
The Shining One
Jiyva

Shops:
D:6 [*   D:11 =   Orc:2 =*:*

Annotations:
D:8 3 runed translucent doors
Lair:1 exclusion: oklob plant
Lair:3 Nikola
Snake:1 1 runed translucent door, Hiru's ghost, journeyman TeMo


Innate Abilities, Weirdness & Mutations

You have a pair of horns on your head.
You reflexively headbutt those who attack you in melee.


Message History

The nagaraja constricts you.
Things that are here:
a +0 robe; a +0 whip The nagaraja's grasp on you weakens, but your attempt to escape fails.
You feel sick.
The nagaraja hits you but does no damage.
The nagaraja constricts you. The nagaraja barely misses you.
You block the naga's attack. The nagaraja spits poison at you.
The splash of poison hits you but does no damage.
You have difficulty breathing.
You feel yourself slow down. The nagaraja constricts you.
You block the nagaraja's attack.
You escape the nagaraja's grasp.
You feel sick.
The nagaraja gestures at you while chanting.
The bolt of poison hits you! You resist.
Things that are here:
a +0 halberd; a +0 long sword; a naga skeleton You feel sick.
The naga sharpshooter casts a spell.
The naga sharpshooter magically shoots an arrow.
The arrow hits you!
* * * LOW HITPOINT WARNING * * *
Items here: ( )) [ ÷.
You feel sick. The nagaraja spits poison at you.
The splash of poison is repelled.
The nagaraja barely misses you. The nagaraja grabs you.
The nagaraja constricts you.
* * * LOW HITPOINT WARNING * * *
The naga sharpshooter gestures wildly while chanting.
The naga sharpshooter magically shoots an arrow.
You reflect the arrow off an invisible shield around you!
You block the nagaraja's attack. The nagaraja constricts you.
Things that are here:
a +0 halberd; a naga skeleton; an anaconda skeleton You escape the nagaraja's grasp.
You feel sick.
You are no longer poisoned.
The nagaraja spits poison at you. The splash of poison misses you.
The nagaraja hits you from afar with a +3 halberd!!
You die...

#..)....##).# #....#
#.[N#...#...## ##....#
#.N.##N.#....###..##.#
......N..###).#....)[...##.##
N..⌠.....#
#[N#..)#####..#..###
....N....# #.N#.(## ##^......
.8....#(## #NN#..# ###..###
.....#### #))#).# ##..# .....
#.[@..# #####..# N...#
##....# ##......# #....#
#...)..## ##..## #..#####
#### #. #. .. .N .


You could see a naga warrior, 2 nagarajas, a naga sharpshooter (strong, curare)
and a naga (strong).

Vanquished Creatures
  Vashnia (Snake:2)
  Jorgrun (Snake:2)
  5 nagarajas (Snake:4)
  Aizul (Snake:4)
  A minotaur (Gauntlet)
  Snorg (D:11)
  2 fire dragons (Lair:6)
  A boulder beetle (Lair:2)
  10 hydras
  4 salamander tyrants
  15 naga warriors
  10 anacondas
  3 two-headed ogres
  16 naga sharpshooters
  6 death yaks (Lair:6)
  3 orc high priests (Orc:2)
  4 shock serpents
  A fire crab (Gauntlet)
  A skeletal warrior (D:12)
  3 salamander mystics
  6 naga ritualists
  3 lindwurms
  6 orc knights
  An orange crystal statue (Lair:3)
  A swamp dragon (Lair:6)
  A phantasmal warrior (D:12)
  4 orc sorcerers (Orc:2)
  A cyclops (D:10)
  17 salamanders
  14 mana vipers
  A moth of wrath (Gauntlet)
  A merfolk siren (Lair:3)
  13 naga magi
  Joseph (D:8)
  22 black mambas
  2 guardian serpents
  6 torpor snails (Lair:6)
  23 cane toads
  3 rime drakes (Lair:6)
  12 komodo dragons
  A kobold demonologist (D:11)
  A freezing wraith (D:12)
  3 trolls
  2 polar bears
  9 hornets
  4 tyrant leeches (Lair:6)
  6 dream sheep (Lair:4)
  Grinder (D:3)
  14 blink frogs
  2 wraiths
  A wyvern (Lair:2)
  Eustachio (D:5)
  4 basilisks
  6 fire bats (Gauntlet)
  23 yaks
  3 steam dragons
  2 wargs (Orc:2)
  3 acid dragons
  2 hell hounds (Gauntlet)
  30 nagas
  12 water moccasins
  A swamp drake (Lair:6)
  A sky beast (D:7)
  2 small abominations (Gauntlet)
  An ice beast (D:4)
  2 black bears
  20 orc warriors
  10 ogres
  A necrophage (D:5)
  15 wolves
  7 centaurs
  3 phantoms
  Blork the orc (D:5)
  A kobold brigand (Sewer)
  12 bullfrogs
  A gnoll sergeant (D:11)
  2 water moccasin skeletons
  A wyvern skeleton (D:6)
  17 killer bees
  6 wights (D:9)
  2 electric eels
  A howler monkey (D:6)
  3 centaur zombies
  2 jellies
  2 bullfrog zombies
  2 hounds (D:6)
  11 orc priests
  2 gnoll shamans
  Ijyb (D:3)
  2 scorpion zombies (D:4)
  5 iguanas
  17 orc wizards
  2 hound zombies (D:4)
  A howler monkey zombie (D:9)
  12 gnolls
  12 adders
  3 river rats
  2 ufetubi
  6 adder zombies (D:4)
  3 adder skeletons (D:4)
  2 worms
  4 dart slugs
  63 orcs
  6 ball pythons
  6 endoplasms
  7 giant cockroaches
  12 goblins
  5 hobgoblins
  3 jackals
  14 kobolds
  A quokka (D:4)
  6 bats
  2 frilled lizards
  9 rats
  A foxfire (Gauntlet)
693 creatures vanquished.

Vanquished Creatures (collateral kills)
  A wretched star (Gauntlet)
  A naga ritualist (Snake:1)
2 creatures vanquished.

Vanquished Creatures (others)
  A shock serpent (Snake:2)
  A naga sharpshooter (Snake:1)
  A guardian serpent (Snake:4)
  An orc wizard (Orc:2)
  104 foxfires
  17 fungi
  70 plants
195 creatures vanquished.

Grand Total: 890 creatures vanquished

Notes
Turn   | Place    | Note
-------+----------+-------------------------------------------
     0 | D:1      | enile the Minotaur Cinder Acolyte began the quest for the
                  | Orb.
     0 | D:1      | Reached XP level 1. HP: 19/19 MP: 1/1
   283 | D:1      | Reached skill level 4 in Fighting
   344 | D:1      | Found a faded altar of an unknown god.
   377 | D:1      | Reached XP level 2. HP: 7/27 MP: 2/2
  1343 | D:2      | Reached skill level 5 in Fighting
  1343 | D:2      | Reached skill level 1 in Armour
  1343 | D:2      | Reached XP level 3. HP: 32/36 MP: 3/3
  1939 | D:2      | Reached XP level 4. HP: 42/42 MP: 4/4
  2560 | D:3      | Found a glowing silver altar of Zin.
  2615 | D:3      | Noticed Grinder
  2620 | D:3      | Paralysed by Grinder for 7 turns
  2632 | D:3      | Paralysed by Grinder for 7 turns
  2641 | D:3      | Killed Grinder
  2642 | D:3      | Reached skill level 1 in Evocations
  2642 | D:3      | Reached XP level 5. HP: 24/48 MP: 5/5
  2642 | D:3      | Reached XP level 6. HP: 28/56 MP: 6/6
  2817 | D:3      | Noticed Ijyb
  2818 | D:3      | Paralysed by Ijyb for 7 turns
  2829 | D:3      | Killed Ijyb
  3002 | D:4      | Found a basalt altar of Yredelemnul.
  3048 | D:4      | Identified the +5 mace of Death {vorpal, rElec rF+ Str+3
                  | Dex+4}
  3162 | D:4      | Reached skill level 5 in Maces & Flails
  3186 | D:4      | Found an iron altar of Okawaru.
  3329 | D:4      | Found a glowing drain.
  3361 | Sewer    | Entered a sewer
  3429 | Sewer    | Reached XP level 7. HP: 51/61 MP: 7/7
  3483 | Sewer    | Found a white marble altar of Elyvilon.
  4127 | D:5      | Entered Level 5 of the Dungeon
  4132 | D:5      | Noticed Eustachio
  4170 | D:5      | Killed Eustachio
  4171 | D:5      | Reached skill level 6 in Fighting
  4242 | D:5      | Reached skill level 5 in Throwing
  4242 | D:5      | Reached XP level 8. HP: 48/70 MP: 8/8
  4462 | D:5      | Reached skill level 5 in Armour
  4615 | D:5      | Noticed Blork the orc
  4620 | D:5      | Killed Blork the orc
  5128 | D:6      | Found a staircase to the Ecumenical Temple.
  5154 | D:6      | Found Joemish's Fire Supplies.
  5206 | D:6      | Reached skill level 5 in Evocations
  5265 | D:6      | Found Houcidoe's Antique Armour Boutique.
  5268 | D:6      | Bought a glowing cloak for 172 gold pieces
  5293 | D:6      | Reached XP level 9. HP: 67/75 MP: 9/9
  5545 | D:6      | Reached skill level 5 in Shields
  5781 | D:6      | Found a sacrificial altar of Ru.
  6304 | D:7      | Found a hazy altar of Hepliaklqana.
  6371 | D:7      | Reached skill level 7 in Fighting
  7456 | D:8      | Found a flagged portal.
  7574 | D:8      | Found a shimmering blue altar of Sif Muna.
  7604 | D:8      | Found a bloodstained altar of Trog.
  7613 | D:8      | Noticed a troll
  7623 | D:8      | Killed a troll
  7661 | Bailey   | Entered a bailey
  8047 | Bailey   | Noticed an orc knight
  8049 | Bailey   | Identified the +2 fire dragon scales of Lugonu's Favour
                  | {rPois rF++ rC- Regen+ Str-2}
  8374 | Bailey   | Killed an orc knight
  8375 | Bailey   | Reached skill level 8 in Fighting
  8375 | Bailey   | Reached XP level 10. HP: 32/88 MP: 10/10
  9011 | D:8      | Noticed Joseph
  9046 | D:8      | Killed Joseph
  9209 | D:8      | Reached skill level 1 in Stealth
  9337 | D:8      | Found a runed translucent gate.
  9337 | D:8      | Found a runed translucent gate.
  9337 | D:8      | Found a runed translucent gate.
  9337 | D:8      | Noticed a green ugly thing
  9337 | D:8      | Noticed a red ugly thing
  9337 | D:8      | Noticed a glowing orange brain
  9338 | D:8      | Noticed a purple ugly thing
  9338 | D:8      | Noticed a green ugly thing
  9377 | D:8      | Noticed a two-headed ogre
  9383 | D:8      | Killed a two-headed ogre
  9560 | D:8      | Found a staircase to the Lair.
  9844 | D:9      | Found a staircase to the Orcish Mines.
 10088 | D:9      | Reached skill level 9 in Fighting
 10242 | D:10     | Entered Level 10 of the Dungeon
 10398 | D:10     | Found a radiant altar of Vehumet.
 10408 | D:10     | Reached skill level 10 in Maces & Flails
 10468 | D:10     | Reached skill level 1 in Dodging
 10478 | D:10     | Reached XP level 11. HP: 90/97 MP: 12/12
 11049 | D:11     | Noticed Snorg
 11073 | D:11     | Killed Snorg
 11074 | D:11     | Reached skill level 10 in Fighting
 11134 | D:11     | Noticed a two-headed ogre
 11142 | D:11     | Killed a two-headed ogre
 11186 | D:11     | Identified a scroll of acquirement
 11199 | D:11     | Acquired the +0 pair of gloves "Quxeha Diox" {rF++ Will+
                  | rCorr Int-4}
 11225 | D:11     | Paralysed by a hornet for 1 turns
 11242 | D:11     | Found a gate leading to a gauntlet.
 11320 | D:11     | Reached skill level 5 in Invocations
 11339 | Gauntlet | Entered a Gauntlet
 11339 | Gauntlet | Noticed a necromancer
 11339 | Gauntlet | Found a transporter.
 11339 | Gauntlet | Found a transporter.
 11339 | Gauntlet | Found a transporter.
 11340 | Gauntlet | Found a transporter.
 11343 | Gauntlet | Found a transporter.
 11343 | Gauntlet | Found a transporter.
 11390 | Gauntlet | Noticed a wretched star
 11391 | Gauntlet | Found a transporter.
 11394 | Gauntlet | Found a transporter.
 11396 | Gauntlet | Noticed a fire crab
 11408 | Gauntlet | Found a transporter.
 11425 | Gauntlet | Noticed a death scarab
 11429 | Gauntlet | Found a transporter.
 11435 | Gauntlet | Noticed a minotaur
 11587 | Gauntlet | HP: 1/99 [translucent stone wall collision (13)]
 11589 | Gauntlet | Killed a wretched star
 11642 | Gauntlet | Identified the +8 hand axe of Vengeance {drain, Fly rC- rN+
                  | Dex+6}
 11720 | Gauntlet | Killed a fire crab
 11731 | Gauntlet | Identified the ring of Tomorrow {rC++ rN+ Dex+6}
 11732 | Gauntlet | Noticed a death scarab
 11753 | Gauntlet | Identified the ring "Yrghese" {rPois rF+ MP+9 Int+5}
 11767 | Gauntlet | Killed a minotaur
 11925 | D:11     | Found Gysaoloh's Jewellery Shop.
 11998 | D:11     | Noticed a seven-headed hydra
 12023 | D:11     | Killed a seven-headed hydra
 12552 | D:12     | Noticed a skeletal warrior
 12552 | D:12     | Noticed a phantasmal warrior
 12616 | Orc:1    | Entered Level 1 of the Orcish Mines
 12655 | D:9      | Reached XP level 12. HP: 63/106 MP: 14/14
 12705 | Orc:1    | Reached skill level 10 in Shields
 13046 | Orc:2    | Entered Level 2 of the Orcish Mines
 13263 | Orc:2    | Reached skill level 11 in Fighting
 13312 | Orc:2    | Found a staircase to the Elven Halls.
 13336 | Orc:2    | Noticed a two-headed ogre
 13342 | Orc:2    | Killed a two-headed ogre
 13579 | Orc:2    | Found Jyeck's Assorted Antiques.
 13628 | Orc:2    | Paralysed by an orc sorcerer for 4 turns
 13780 | Orc:2    | Noticed an orc high priest
 13794 | Orc:2    | Killed an orc high priest
 13896 | Orc:2    | Noticed an orc high priest
 13897 | Orc:2    | Found Googef's Book Emporium.
 13900 | Orc:2    | Noticed an orc high priest
 13902 | Orc:2    | Reached skill level 12 in Fighting
 13916 | Orc:2    | Killed an orc high priest
 13925 | Orc:2    | Killed an orc high priest
 13983 | Orc:2    | Found Qydah's General Store.
 13985 | Orc:2    | Found Dit Tiul's Jewellery Shop.
 13991 | Orc:2    | Bought a potion of berserk rage for 70 gold pieces
 13991 | Orc:2    | Bought a potion of berserk rage for 70 gold pieces
 13991 | Orc:2    | Bought a wand of paralysis (7) for 126 gold pieces
 14305 | Lair:1   | Entered Level 1 of the Lair of Beasts
 14472 | Lair:1   | Noticed a six-headed hydra
 14482 | Lair:1   | Killed a six-headed hydra
 14483 | Lair:1   | Reached skill level 10 in Armour
 14761 | Lair:1   | Noticed a four-headed hydra
 14775 | Lair:1   | Killed a four-headed hydra
 14776 | Lair:1   | Reached XP level 13. HP: 72/118 MP: 16/16
 14799 | Lair:1   | Found the +2 robe of Vines {NoPotionHeal Regen+++}
 15462 | Lair:2   | Found a glowing golden altar of the Shining One.
 16441 | Lair:3   | Found a staircase to the Shoals.
 16957 | Lair:3   | Found the +8 glaive of the Guard {elec, spectral, AC+5}
 17013 | Lair:3   | Identified the amulet of Vireuff {Acrobat rElec MP-9 Dex+4}
 17116 | Lair:4   | Found a staircase to the Snake Pit.
 17200 | Lair:4   | Reached skill level 13 in Fighting
 17850 | Lair:5   | Reached skill level 5 in Stealth
 18819 | Lair:6   | Entered Level 6 of the Lair of Beasts
 18897 | Lair:5   | Reached XP level 14. HP: 65/129 MP: 8/17
 19407 | Lair:6   | Found a staircase to the Slime Pits.
 19409 | Lair:6   | Found a viscous altar of Jiyva.
 19586 | Lair:6   | Reached skill level 14 in Fighting
 19797 | Lair:6   | Found a runed translucent door.
 20327 | Lair:6   | Identified the +2 leather armour of Minor Irritation
                  | {Dex+3}
 20631 | Shoals:1 | Entered Level 1 of the Shoals
 20631 | Shoals:1 | Noticed Nikola
 21034 | D:12     | Reached skill level 10 in Throwing
 21488 | Orc:2    | Bought a runed cloak for 165 gold pieces
 21494 | Orc:2    | Bought a scroll of teleportation for 66 gold pieces
 21494 | Orc:2    | Bought a wand of paralysis (6) for 44 gold pieces
 21494 | Orc:2    | Bought a wand of iceblast (11) for 88 gold pieces
 21494 | Orc:2    | Bought a scroll labelled QADWOR TULOOQ for 22 gold pieces
 21507 | Orc:2    | Bought a scorched ruby amulet for 110 gold pieces
 21507 | Orc:2    | Identified the amulet of Onojosu {Spirit rF+} (You bought
                  | it in a shop on level 2 of the Orcish Mines)
 21777 | Snake:1  | Entered Level 1 of the Snake Pit
 22044 | Snake:1  | Noticed Hiru's ghost (journeyman TeMo)
 22045 | Snake:1  | Found a runed translucent door.
 22057 | Snake:1  | Reached skill level 5 in Dodging
 22685 | Snake:1  | Found a sacrificial altar of Ru.
 22962 | Snake:2  | Reached XP level 15. HP: 133/139 MP: 11/20
 22979 | Snake:2  | Noticed Vashnia
 22982 | Snake:2  | Reached skill level 15 in Fighting
 23110 | Snake:2  | Killed Vashnia
 23304 | Snake:2  | Reached skill level 10 in Evocations
 23469 | Snake:2  | Noticed Jorgrun
 23725 | Snake:2  | HP: 3/141 [Jorgrun/blast of rock fragments (30)]
 23726 | Snake:2  | Killed Jorgrun
 24909 | Snake:3  | Identified the +6 trident of Intimidation {drain, Will++
                  | rCorr}
 26411 | Snake:4  | Entered Level 4 of the Snake Pit
 26411 | Snake:4  | Noticed a nagaraja
 26425 | Snake:4  | Killed a nagaraja
 26590 | Snake:4  | Noticed a nagaraja
 26603 | Snake:4  | Killed a nagaraja
 26604 | Snake:4  | Reached skill level 16 in Fighting
 26625 | Snake:4  | Reached XP level 16. HP: 55/151 MP: 21/21
 26911 | Snake:4  | Noticed Aizul
 26932 | Snake:4  | Killed Aizul
 26978 | Snake:4  | Identified the +4 falchion "Hell-Harrower" {holy, Drain
                  | Str+4 Dex+5}
 28239 | Snake:4  | Slain by a nagaraja

Illustrated notes

Levels and vault maps discovered:
D:1:      minmay_arrival_four_houses, layout_loops_cross,
          hellmonk_ecumenical_altar_crossroads, serial_forest,
          infiniplex_forest_zigzag_1, infiniplex_forest_split,
          infiniplex_forest_straight_1, infiniplex_forest_lined_2,
          infiniplex_forest_straight_1, infiniplex_forest_join
D:2:      layout_loops_ring, minmay_tree_intersection,
          chequers_serial_rivers_large_a, kennysheep_generic_room_5
D:3:      layout_rooms, lemuel_round_altar, uniq_ijyb, uniq_grinder
D:4:      layout_basic, mainiacjoe_overflow_small_starburst, okawaru_gym_becter,
          portal_sewer_entry_c, serial_undead, serial_undead_e, serial_undead_a,
          serial_undead_b, serial_undead_f, serial_undead_d,
          kennysheep_big_empty_room
D:5:      minmay_inner_zag, layout_loops_ring, dk_noncrumbling_3,
          uniq_blork_the_orc, uniq_eustachio
D:6:      layout_basic, nicolae_ru_path_of_blood, minmay_temple_entry_mist,
          serial_shops, kennysheep_mini, nicolae_shop_fire_sale
          [nicolae_sub_dead_trees]
D:7:      nicolae_cairo_tiling_very_big, layout_cave_pools,
          mainiacjoe_overflow_boulevard
D:8:      layout_loops_cross, overflow_temple_1_default, lemuel_blue_sif_altar,
          lair_entry_dummy, ploomutoo_gammafunk_ghost_potion_laboratory,
          enter_bailey_5, dreamdust_deal_with_the_devil, uniq_joseph
D:9:      layout_basic, orc_0_dummy
D:10:     layout_loops_corners, fiery_altar_vehumet
D:11:     layout_gridville, gauntlet_entry_generic, serial_shops,
          kennysheep_mini_moat, moated_statue, uniq_snorg
D:12:     lemuel_insect_pit, layout_irregular_city
Lair:1:   layout_regular_city, hellmonk_guarded_unrand_vines,
          infiniplex_staircase_pool_2, grunt_megastairs_3
Lair:2:   layout_hall_layers, basic_altar, chequers_serial_rivers_micro_b
Lair:3:   statuecave_lemuel, layout_chaotic_city,
          minmay_shoals_entry_lonely_mermaid, beast_lair_carwin_1,
          grunt_megastairs_4, infiniplex_staircase_pool
Lair:4:   layout_loops_ring, guppyfry_snake_entry_island, serial_bayou_shore_a,
          lemuel_fruit_fields, lemuel_fruit_tree
Lair:5:   layout_cave_pods
Lair:6:   wormcave, layout_loops_ring, guppyfry_lair_end_dragon, slime_altar_1,
          grunt_megastairs_1
Shoals:1: layout_shoals, nicolae_shop_overcharged_wands, uniq_nikola,
          uniq_mlioglotl
Snake:1:  layout_gridlike, hellmonk_ghost_happy_afterlife, basic_altar
Snake:2:  layout_misc_corridors, uniq_vashnia, uniq_jorgrun
Snake:3:  layout_layer_cave
Snake:4:  grunt_snake_rune_serpentine_throne, layout_cave_pods,
          grunt_ministairs_11, nicolae_snake_gridmaze_waves, drop_trap,
          uniq_aizul
Orc:1:    layout_caves
Orc:2:    st_orc_elflike, layout_caves

Skill      XL: |  1  2  3  4  5  6  7  8  9 10 11 12 13 14 15 16 |
---------------+-------------------------------------------------+-----
Fighting       | 4 5 6 8 9 10 12 13 14 16 | 16.0
Armour         | 1 2 3 6 8 9 10 12 | 12.0
Throwing       | 3 5 8 10 11 | 11.2
Evocations     | 1 5 6 7 9 11 12 | 12.0
Maces & Flails | 5 6 7 10 12 13 14 | 14.0
Shields        | 4 8 9 10 11 | 11.0
Stealth        | 2 5 6 |  6.0
Invocations    | 3 5 6 8 9 |  9.0
Dodging        | 2 3 5 7 |  7.0
Fire Magic     | 4 |  4.0
Long Blades    | |  0.2
Polearms       | |  0.1
Spellcasting   | |  1.0
Hexes          | |  0.2

Action                   |  1- 3 |  4- 6 |  7- 9 | 10-12 | 13-15 | 16-18 || total
-------------------------+-------+-------+-------+-------+-------+-------++-------
Melee: Mace              |   135 |   172 |   284 |   575 |   966 |   225 ||  2357
       Headbutt          |    27 |    24 |    54 |   131 |   332 |    68 ||   636
Throw: Dart              |       |     3 |    28 |    10 |       |       ||    41
       Throwing net      |       |       |     3 |     2 |       |       ||     5
       Javelin           |       |       |       |    19 |    69 |       ||    88
Invok: Sea of Fire       |     1 |       |       |     1 |       |       ||     2
       Foxfire Swarm     |       |       |     2 |     6 |       |       ||     8
       Rising Flame      |       |       |       |       |     1 |       ||     1
Evoke: Wand              |       |     4 |    18 |    20 |    83 |    10 ||   135
       Lightning rod     |       |       |       |     8 |     8 |     9 ||    25
       Tin of tremorston |       |       |       |     3 |     6 |     3 ||    12
       Phantom mirror    |       |       |       |     2 |     2 |     1 ||     5
       Piece from Xom's  |       |       |       |     3 |     1 |     5 ||     9
  Use: Scroll            |       |       |     3 |    23 |    14 |       ||    40
       Potion            |       |       |     5 |     7 |    11 |     1 ||    24
 Stab: Held in net/web   |       |       |     1 |     1 |       |       ||     2
       Paralysed         |       |       |       |       |     4 |       ||     4
       Sleeping          |       |       |       |       |     1 |     1 ||     2
       Distracted        |       |       |       |       |     1 |     1 ||     2
Armor: Robe              |    13 |       |       |       |       |       ||    13
       Chain mail        |    45 |   123 |   178 |       |       |       ||   346
       Fire dragon scale |       |       |       |   275 |   340 |    64 ||   679
Dodge: Dodged            |    53 |    89 |   147 |   282 |   310 |    88 ||   969
       Repelled          |       |       |       |       |    22 |    19 ||    41
Block: Tower shield      |       |       |   183 |   669 |  1056 |       ||  1908
       Buckler           |       |       |       |       |    16 |   165 ||   181
       Reflection        |       |       |       |       |    16 |    37 ||    53

Table legend: (Time is in decaauts)
 A = Elapsed time spent in this place.
 B = Non-inter-level travel time spent in this place.
 C = Inter-level travel time spent in this place.
 D = Time resting spent in this place.
 E = Time spent auto-exploring this place.
 F = Levels seen in this place.
 G = Mean time per level.
                   A        B        C        D        E       F      G
               +--------+--------+--------+--------+--------+-----+--------+
         Total |  28604 |  27215 |   1389 |   3473 |  15580 |  28 | 1021.6 |
       Dungeon |  11714 |  10989 |    725 |    800 |   7488 |  12 |  976.2 |
          Lair |   6734 |   6338 |    396 |    180 |   4328 |   6 | 1122.3 |
        Shoals |      1 |      1 |      0 |      0 |      0 |   1 |    1.0 |
     Snake Pit |   6411 |   6342 |     69 |   1882 |   2459 |   4 | 1602.8 |
  Orcish Mines |   1736 |   1540 |    196 |    120 |    753 |   2 |  868.0 |
         Sewer |    200 |    200 |      0 |      0 |    128 |   1 |  200.0 |
        Bailey |   1299 |   1299 |      0 |    432 |    407 |   1 | 1299.0 |
      Gauntlet |    507 |    507 |      0 |     58 |     16 |   1 |  507.0 |
               +--------+--------+--------+--------+--------+-----+--------+

Top non-repeatable levels by time:
 Snake:3: 2396 daAuts
  Lair:6: 1704 daAuts
 Snake:2: 1680 daAuts
     D:7: 1463 daAuts
    D:11: 1324 daAuts
  Bailey: 1299 daAuts
   Orc:2: 1290 daAuts
     D:8: 1288 daAuts
     D:1: 1286 daAuts
  Lair:3: 1219 daAuts
 Snake:1: 1173 daAuts
  Lair:5: 1166 daAuts
 Snake:4: 1161 daAuts
  Lair:1: 1110 daAuts
     D:2: 1055 daAuts
